 Dungeon Crawl Stone Soup version 0.16.1-30-g34a7ffa (webtiles) character file.

164 Goblin1989 the Ruffian (level 5, -5/38 HPs)
             Began as a Demonspawn Gladiator on June 14, 2015.
             Killed from afar by an orc wizard (8 damage)
             ... with a puff of frost
             ... on level 4 of the Dungeon.
             The game lasted 00:18:27 (3799 turns).

Goblin1989 the Ruffian (Demonspawn Gladiator)       Turns: 3799, Time: 00:18:27

Health: -5/38      AC:  5    Str: 16    XL:     5   Next: 21%
Magic:  5/5        EV: 12    Int:  9    God:
Gold:   120        SH:  0    Dex: 14    Spells: 0 memorised, 4 levels left

rFire  . . .     SeeInvis .       - Unarmed
rCold  . . .     Clarity  .     b - +0 leather armour
rNeg   . . .     SustAb   .     (no shield)
rPois  .         Gourm    .     c - +0 helmet
rElec  .         Spirit   .     (no cloak)
rCorr  .         Warding  .     (no gloves)
rMut   .         Stasis   .     (no boots)
MR     .....                    (no amulet)
Stlth  +.........               (no ring)
                                (no ring)

@: not resistant to hostile enchantments, very unstealthy
A: hooves 1, icy blue scales 1
a: no special abilities


You were on level 4 of the Dungeon.
You were hungry.

You visited 1 branch of the dungeon, and saw 4 of its levels.

You collected 120 gold pieces.

Inventory:

Missiles
 d - 3 throwing nets
 n - 25 poisoned needles
 r - 4 tomahawks of returning (quivered)
Armour
 b - a +0 leather armour (worn)
 c - a +0 helmet (worn)
 F - a +1 scale mail
Jewellery
 p - a +4 ring of intelligence {unknown}
 x - an uncursed ring of poison resistance {unknown}
 y - an uncursed ring of protection from cold {unknown}
Magical devices
 t - a wand of fireball (4)
Scrolls
 q - a scroll of enchant armour
Potions
 j - 2 potions of might
 k - a potion of curing
 l - 3 potions of invisibility
 s - 2 potions of restore abilities
 z - a potion of heal wounds
 B - a potion of ambrosia {unknown}
 C - 2 potions of cancellation {unknown}
 E - a potion of magic {unknown}
 G - a potion of resistance {unknown}
Comestibles
 a - 5 bread rations
 h - 3 slices of pizza
 o - a meat ration
 I - a beef jerky


   Skills:
 - Level 2.0 Fighting
 - Level 1.7 Throwing
 + Level 1.6 Armour
 - Level 2.6 Dodging
 - Level 5.0 Unarmed Combat


You had 4 spell levels left.
You didn't know any spells.

Dungeon Overview and Level Annotations

Branches:
Dungeon (4/15)
 Temple: D:4-7

Altars:


Innate Abilities, Weirdness & Mutations

You have large cloven feet.
You are partially covered in icy blue scales (AC +1).


Message History

Something hits you but does no damage.
You hear some strange, mumbled words.
The puff of flame hits you!
You are feeling hungry.
The magic dart hits you! The puff of flame hits you!
* * * LOW HITPOINT WARNING * * *
Something hits you but does no damage. Something hits you.
* * * LOW HITPOINT WARNING * * *
You hit something but do no damage. Your kick misses something.
Something hits you but does no damage.
The orc priest hits you with a short sword.
* * * LOW HITPOINT WARNING * * *
You barely miss something. You punch something.
The orc priest mumbles some strange prayers to Beogh against you.
You barely resist.
You hear some strange, mumbled words.
The puff of frost hits you!
You die...

#.... # ...... .### #....#
.#..... #....# #(#...## #....#
#.....#. # #....# #...[.#.
#.##....# .. #.....##
#.)'o...##...##.......
####.@.......##.......
#............'........
#.##.........#.#.#.###
#.##......####.#.#.###
#.........# #.#......
###############......####.#...###
.................................
###############......###.......##
......................#........##


You could see an orc priest.

Vanquished Creatures
  A worker ant (D:4)
  4 adders
  3 worms
  An ooze (D:1)
  9 orcs
  5 bats
  A giant cockroach (D:2)
  10 goblins
  9 hobgoblins
  5 jackals
  7 kobolds
  6 quokkas
  4 giant newts
  17 rats
82 creatures vanquished.

Notes
Turn   | Place    | Note
--------------------------------------------------------------
     0 | D:1      | Goblin1989, the Demonspawn Gladiator, began the quest for the Orb.
     0 | D:1      | Reached XP level 1. HP: 16/16 MP: 1/1
   120 | D:1      | Reached skill level 3 in Unarmed Combat
   261 | D:1      | Gained mutation: You are partially covered in icy blue scales (AC +1). [demonic ancestry]
   261 | D:1      | Reached XP level 2. HP: 19/22 MP: 2/2
  1223 | D:2      | Reached XP level 3. HP: 13/27 MP: 3/3
  1245 | D:1      | Reached skill level 4 in Unarmed Combat
  2233 | D:3      | Reached XP level 4. HP: 31/33 MP: 4/4
  2760 | D:3      | Reached skill level 5 in Unarmed Combat
  3371 | D:4      | Reached skill level 1 in Armour
  3421 | D:4      | Gained mutation: You have large cloven feet. [demonic ancestry]
  3421 | D:4      | Reached XP level 5. HP: 29/38 MP: 5/5
  3505 | D:4      | Got an encrusted whip
  3506 | D:4      | Identified the cursed -1 whip "Uziali" {slash, Str+4 Int+4 Dex+2} (You found it on level 4 of the Dungeon)
  3799 | D:4      | Killed from afar by an orc wizard

Action                   |  1- 3 |  4- 6 || total
-------------------------+-------+-------++-------
Melee: Unarmed           |   219 |   146 ||   365
       Whip              |       |     5 ||     5
Throw: Tomahawk          |     6 |       ||     6
  Use: Potion            |     1 |       ||     1
       Scroll            |       |    17 ||    17
  Eat: Chunk             |     4 |     5 ||     9
